 Dungeon Crawl Stone Soup version 0.31.0-1-g2c135a0 (webtiles) character file.

Game seed: 8325741030182318775

4666 daniil the Grappler (level 10, -5/80 HPs)
             Began as a Ghoul Monk on Mar 24, 2024.
             Was a Follower of Yredelemnul.
             Shot with an arrow by a centaur warrior (20 damage)
             ... on level 9 of the Dungeon.
             The game lasted 01:36:58 (6367 turns).

daniil the Grappler (Ghoul Monk)                    Turns: 6367, Time: 01:37:06

Health: -5/80      AC:  8    Str: 20    XL:     10   Next: 44%
Magic:  10/10      EV: 16    Int:  9    God:    Yredelemnul [*.....]
Gold:   498        SH:  0    Dex: 23    Spells: 9/9 levels left

rFire   . .          .
                       - Unarmed
rCold   + . .        c - orb {light}
rNeg    + + +        o - +0 leather armour
rPois   ∞            g - +2 hat
rElec   .            t - +2 cloak {rCorr}
rCorr   +            (no gloves)
SInv    .            (no boots)
Will    .....        f - amulet of regeneration
Stlth   ++           v - +6 ring of dexterity
HPRegen 0.00/turn    y - +6 ring of dexterity
MPRegen 0.12/turn

%: no passive effects
@: inhibited regen, glowing
A: claws 1, cold resistance 1, negative energy resistance 3, inhibited
regeneration, torment resistance 2, devour on kill
a: Renounce Religion, Recall Undead Harvest


You were on level 9 of the Dungeon.
You worshipped Yredelemnul.
Yredelemnul was noncommittal.
You visited 2 branches of the dungeon, and saw 10 of its levels.

You collected 498 gold pieces.

Inventory:

Hand Weapons
 n - the +3 sling of Brawling {flame, rElec Dex+5}
   (You found it on level 2 of the Dungeon)

   Dex+5:     It affects your dexterity (+5).
   rElec:     It insulates you from electricity.
 q - a +5 dagger of pain
 u - a +4 quarterstaff of chaos
Missiles
 h - 97 stones
 k - 27 poisoned darts (quivered)
 s - 2 throwing nets
Armour
 a - a +0 robe
 c - an orb of light (worn)
 g - a +2 hat (worn)
 o - a +0 leather armour (worn)
 t - a +2 cloak of preservation (worn)
Jewellery
 f - an amulet of regeneration (around neck)
 l - a ring of protection from cold
 v - a +6 ring of dexterity (left claw)
 y - a +6 ring of dexterity (right claw)
 B - a ring of fire
 D - a ring of see invisible
Talismans
 i - a flux talisman
Scrolls
 b - 2 scrolls of amnesia
 p - 4 scrolls of identify
 r - a scroll of blinking
 z - a scroll of torment
 E - a scroll of fog
Potions
 d - a potion of berserk rage
 e - a potion of brilliance
 m - a potion of enlightenment
 w - 2 potions of mutation
 x - a potion of haste
 C - a potion of magic


   Skills:
 + Level 4.9 Fighting
 + Level 1.8 Throwing
 + Level 4.2 Armour
 + Level 5.9 Dodging
 + Level 6.0 Stealth
 + Level 12.2 Unarmed Combat
 + Level 0.4 Invocations
 + Level 2.2 Evocations


You had 9 spell levels left.
You didn't know any spells.
Your spell library contained the following spells:

 Spells                   Type           Power      Damage    Failure   Level
 Static Discharge         Conj/Air       0%         3-3/arc   56%         2
 Call Canine Familiar     Summ           0%         N/A       80%         3
 Hailstorm                Conj/Ice       0%         3d5       80%         3
 Sigil of Binding         Hex            0%         N/A       80%         3
 Summon Ice Beast         Ice/Summ       0%         N/A       80%         3
 Airstrike                Air            0%         2d(0-16)  99%         4
 Dimensional Bullseye     Hex/Tloc       0%         N/A       99%         4
 Summon Lightning Spire   Summ/Air       0%         N/A       99%         4
 Sculpt Simulacrum        Ice/Alch       0%         N/A       100%        6
 Haunt                    Necr/Summ      0%         N/A       100%        7
 Borgnjor's Revivificati  Necr           Unusable   N/A       N/A         8
 Death's Door             Necr           Unusable   N/A       N/A         9

Dungeon Overview and Level Annotations

Branches:
Dungeon (9/15)             Temple (1/1) D:4
   Lair: D:8-11         Orc: D:9-12

Altars:
Ashenzari
Cheibriados
Dithmenos
Fedhas
Gozag
Hepliaklqana
Kikubaaqudgha
Makhleb
Nemelex Xobeh
Okawaru
Qazlal
Sif Muna
Trog
Uskayaw
Vehumet
Wu Jian
Xom
Yredelemnul

Annotations:
Temple 2 transporters


Innate Abilities, Weirdness & Mutations

You are immune to poison.
You have sharp fingernails.
Your flesh is cold resistant. (rC+)
You are immune to negative energy. (rN+++)
You do not regenerate when monsters are visible.
You are immune to unholy pain and torment.
You thrive by killing the living.


Message History

Okay, then.
Aiming: Iceblast
Press: ? - help, Q - select action, (/) - cycle Shift-Dir - straight line, f - two-headed ogre, p - gnoll sergeant
Aim: a two-headed ogre, wielding a +0 giant club and a +0 giant spiked club (lightly wounded, haloed)
The mass of ice explodes!
The iceblast engulfs the kobold brigand!
The kobold brigand is heavily wounded.
The iceblast engulfs your kobold zombie!
Your kobold zombie partially resists.
You destroy your kobold zombie!
The iceblast engulfs the two-headed ogre!
The two-headed ogre is moderately wounded.
The iceblast engulfs the two-headed ogre!
The two-headed ogre is almost dead.
The now-empty wand crumbles to dust.
You hear a shout! x3
Your howler monkey zombie hits the two-headed ogre.
The two-headed ogre barely misses your howler monkey zombie.
The two-headed ogre hits your howler monkey zombie with a +0 giant spiked club!!
Your howler monkey zombie is destroyed!
The two-headed ogre hits your howler monkey zombie with a +0 giant club!! x2
Your howler monkey zombie is destroyed!
The gnoll sergeant shouts!
You can no longer trade souls for undead servants.
You barely miss the kobold brigand.
The kobold brigand is heavily wounded.
The kobold brigand barely misses you.
You claw the kobold brigand!
You kill the kobold brigand!
You feel better.
The dead are walking!
The two-headed ogre hits your kobold brigand zombie with a +0 giant club!!
The two-headed ogre closely misses your kobold brigand zombie.
The cyclops is engulfed in poison gas.
The cyclops is poisoned.
You claw the two-headed ogre!
You kill the two-headed ogre!
The centaur warrior shoots an arrow.
The arrow hits you!!
* * * LOW HITPOINT WARNING * * *
The centaur warrior shoots an arrow.
The arrow hits you!!
You die...
You join the legions of the undead harvest.

.......#)).......
########)########
....))...#....... .
####'#...#....... ..
....Z#...#....... ...
.....#.Z.#....... ....
.....#...'....... ..§..
######...######+####.§§§..
...........§§§☼.@)ZO§§☼☼..
...P.......§§§))ZC.cg§§§..
..~~≈~≈~~~≈§§☼§Z§Z☼☼{§§☼.~
..~≈≈≈≈~≈≈≈§§§§§§§§§~§§§.~
..≈≈#####≈~§§☼§§§§g§☼☼§§.~
..~≈#o. #..§§§§☼☼§☼§§☼§§..
..~~#o. #############'§§'#
.P~~## ☼§§.# '


You could see a centaur warrior (very poisoned), a two-headed ogre (ally
target), a cyclops (poisoned), 2 gnoll sergeants, a friendly kobold brigand
zombie, a friendly orc zombie, a friendly orc warrior zombie and a friendly
howler monkey zombie.

Vanquished Creatures
  A two-headed ogre (D:9)
  A manticore (D:7)
  A troll (D:7)
  2 acid dragons
  2 water moccasins
  2 black bears (D:5)
  4 ice beasts
  3 orc warriors
  2 sky beasts
  An ogre (D:4)
  A phantom (D:6)
  4 centaurs
  3 kobold brigands (D:9)
  A bullfrog (D:9)
  2 scorpions (D:5)
  8 howler monkeys
  2 jellies
  A hound (D:5)
  Crazy Yiuf (D:5)
  5 orc priests
  2 gnoll boudas
  Ijyb (D:4)
  A sleepcap (D:4)
  4 iguanas
  5 orc wizards
  5 gnolls
  7 adders
  3 shadow imps
  2 white imps
  2 dart slugs
  17 orcs
  9 ball pythons
  5 bats
  4 endoplasms
  3 giant cockroaches (D:4)
  7 goblins
  13 hobgoblins
  12 jackals
  3 quokkas
  5 frilled lizards
  12 kobolds
  2 kobold zombies (D:9)
  A rat (D:1)
172 creatures vanquished.

Vanquished Creatures (collateral kills)
  Prince Ribbit (D:7)
  A wyvern (D:8)
  A centaur (D:6)
  A bullfrog (D:7)
  3 hounds
  2 iguanas (D:5)
  3 gnolls (D:5)
  2 adders (D:5)
  4 orcs
  A kobold (D:9)
19 creatures vanquished.

Vanquished Creatures (others)
  A bullfrog zombie (D:9)
  A black bear zombie (D:5)
  A scorpion zombie (D:5)
  A hound zombie (D:7)
  2 howler monkey zombies (D:9)
  2 kobold zombies (D:9)
  8 orc zombies
16 creatures vanquished.

Grand Total: 207 creatures vanquished

Notes
Turn   | Place    | Note
-------+----------+-------------------------------------------
     0 | D:1      | daniil the Ghoul Monk began the quest for the Orb.
     0 | D:1      | Reached XP level 1. HP: 19/19 MP: 1/1
   110 | D:1      | Reached XP level 2. HP: 25/26 MP: 2/2
   471 | D:1      | Reached XP level 3. HP: 29/31 MP: 3/3
   946 | D:2      | Reached skill level 4 in Unarmed Combat
  1068 | D:2      | Reached XP level 4. HP: 36/40 MP: 4/4
  1209 | D:2      | Identified the +3 sling of Brawling {flame, rElec Dex+5}
  2033 | D:3      | Reached XP level 5. HP: 46/46 MP: 5/5
  2182 | D:4      | Reached skill level 5 in Unarmed Combat
  2187 | D:4      | Noticed Ijyb
  2187 | D:4      | Paralysed by Ijyb for 3 turns
  2193 | D:4      | Paralysed by Ijyb for 5 turns
  2200 | D:4      | Paralysed by Ijyb for 2 turns
  2210 | D:4      | Paralysed by Ijyb for 5 turns
  2233 | D:4      | Paralysed by Ijyb for 3 turns
  2236 | D:4      | Killed Ijyb
  2462 | D:4      | Reached XP level 6. HP: 42/52 MP: 6/6
  2508 | D:4      | Reached skill level 6 in Unarmed Combat
  2515 | D:4      | Reached skill level 1 in Stealth
  2575 | D:4      | Found a staircase to the Ecumenical Temple.
  2600 | D:4      | Reached XP level 7. HP: 26/59 MP: 7/7
  2663 | D:4      | Reached skill level 1 in Evocations
  2702 | Temple   | Found a transporter.
  2702 | Temple   | Found a transporter.
  2702 | Temple   | Found a transporter.
  2702 | Temple   | Found a transporter.
  2702 | Temple   | Entered the Ecumenical Temple
  2772 | Temple   | Became a worshipper of Yredelemnul the Dark
  2772 | Temple   | Reached * piety under Yredelemnul
  2772 | Temple   | Reached ** piety under Yredelemnul
  3125 | D:5      | Entered Level 5 of the Dungeon
  3153 | D:5      | Reached skill level 1 in Armour
  3179 | D:5      | Reached skill level 7 in Unarmed Combat
  3256 | D:5      | Reached *** piety under Yredelemnul
  3281 | D:5      | Reached XP level 8. HP: 66/66 MP: 8/8
  3390 | D:5      | Reached skill level 1 in Throwing
  3393 | D:5      | Reached **** piety under Yredelemnul
  3494 | D:5      | Found a runed translucent door.
  3495 | D:5      | Noticed Crazy Yiuf
  3503 | D:5      | Killed Crazy Yiuf
  3763 | D:6      | Reached skill level 8 in Unarmed Combat
  3971 | D:6      | Reached skill level 9 in Unarmed Combat
  3971 | D:6      | Reached XP level 9. HP: 69/72 MP: 9/9
  4009 | D:6      | Found a shimmering blue altar of Sif Muna.
  4164 | D:6      | Reached skill level 5 in Dodging
  4530 | D:7      | Reached skill level 10 in Unarmed Combat
  4662 | D:7      | Noticed a troll
  4799 | D:7      | Noticed a manticore
  4814 | D:7      | Killed a manticore
  4815 | D:7      | Reached skill level 11 in Unarmed Combat
  4978 | D:7      | Killed a troll
  4979 | D:7      | Reached skill level 5 in Stealth
  4992 | D:7      | Noticed Prince Ribbit
  4999 | D:7      | Killed Prince Ribbit
  5000 | D:7      | Reached XP level 10. HP: 80/80 MP: 10/10
  6031 | D:9      | Found a hazy altar of Hepliaklqana.
  6342 | D:9      | Reached skill level 12 in Unarmed Combat
  6350 | D:9      | Noticed a two-headed ogre
  6352 | D:9      | Noticed a two-headed ogre
  6352 | D:9      | Noticed a cyclops
  6359 | D:9      | Noticed a centaur warrior
  6367 | D:9      | Killed a two-headed ogre
  6367 | D:9      | Shot with an arrow by a centaur warrior

Illustrated notes

Levels and vault maps discovered:
D:1:      sevenhm_arrival_forest_fort_small_4, layout_basic
D:2:      layout_basic, corner_web_ring, guppyfry_early_lair_pool
D:3:      layout_loops_cross
D:4:      layout_loops_ring, minmay_temple_entry_sparse_star,
          minmay_misc_feat_rows, uniq_ijyb
D:5:      layout_rooms, cheibrodos_gnoll_hut, uniq_crazy_yiuf_cottage
D:6:      layout_loops_ring, lemuel_blue_sif_altar
D:7:      layout_basic, uniq_prince_ribbit1
D:8:      layout_basic, interstate_on_off
D:9:      lemuel_castle_with_subvaults [lemuel_castle_interior_original],
          layout_irregular_city, mainiacjoe_overflow_alcove_1,
          serial_column_ruins, column_ruins_hut, column_ruins_square_small,
          column_ruins_columns_plus, column_ruins_open_tiny_water,
          column_ruins_columns_straight, column_ruins_columns_straight,
          column_ruins_grid_1, nicolae_underground_beach
Temple:   hellmonk_temple_divided_pantheon

Skill      XL: |  1  2  3  4  5  6  7  8  9 10 |
---------------+-------------------------------+-----
Dodging        | 3 4 5 |  5.9
Unarmed Combat | 4 5 6 7 9 11 12 | 12.2
Fighting       | 4 |  4.9
Stealth        | 1 3 4 5 6 |  6.0
Evocations     | 1 2 |  2.2
Armour         | 2 3 4 |  4.2
Throwing       | 1 |  1.8
Invocations    | |  0.4

Action                     |  1- 3 |  4- 6 |  7- 9 | 10-12 || total
---------------------------+-------+-------+-------+-------++-------
  Melee: Unarmed           |   100 |   106 |   178 |    91 ||   475
         Dagger            |       |       |     5 |       ||     5
  Throw: Dart              |       |     6 |     9 |       ||    15
 Invoke: Dark Bargain      |       |       |     1 |     1 ||     2
  Evoke: Wand              |       |    15 |    10 |     3 ||    28
    Use: Potion            |     4 |     3 |     2 |     1 ||    10
         Scroll            |     1 |     5 |     8 |     1 ||    15
   Stab: Paralysed         |       |     2 |    13 |       ||    15
         Distracted        |       |       |     4 |       ||     4
         Sleeping          |       |       |       |     1 ||     1
 Armour: Robe              |    45 |    36 |       |       ||    81
         Leather armour    |       |    20 |   116 |    46 ||   182
  Dodge: Dodged            |    67 |    75 |   109 |    68 ||   319
